 Dungeon Crawl Stone Soup version 0.27.0-1-g7a089689b8 (webtiles) character file.

Game seed: 5300151110611499033

4 Sobieck the Grasshopper (level 1, -1/20 HPs)
             Began as a Gnoll Warper on Aug 8, 2021.
             Slain by a gnoll (2 damage)
             ... on level 1 of the Dungeon.
             The game lasted 00:00:18 (146 turns).

Sobieck the Grasshopper (Gnoll Warper)               Turns: 146, Time: 00:00:19

Health: -1/20      AC:  3    Str: 10    XL:     1   Next: 70%
Magic:  6/6        EV: 12    Int: 12    God:
Gold:   0          SH:  0    Dex: 11    Spells: 9/9 levels left

rFire    . . .     SeeInvis .   a - +0 hand axe {axe}
rCold    . . .     Faith    .   (no shield)
rNeg     . . .     Spirit   .   b - +0 leather armour
rPois    .         Reflect  .   (no helmet)
rElec    .         Harm     .   (no cloak)
rCorr    .         Rampage  .   (no gloves)
Will     .....                  (no boots)
Stlth    +.........             (no amulet)
HPRegen  0.06/turn              (no ring)
MPRegen  0.10/turn              (no ring)

@: no status effects
A: fangs 1, strong nose, distributed training
a: no special abilities


You were on level 1 of the Dungeon.
You visited 1 branch of the dungeon, and saw 1 of its levels.


Innate Abilities, Weirdness & Mutations

You have very sharp teeth.
Your uncanny sense of smell can sniff out nearby items.
Your experience applies equally to all skills.


   Skills:
 + Level 4.4 Fighting
 + Level 0.1 Short Blades
 + Level 0.1 Long Blades
 + Level 4.4 Axes
 + Level 0.1 Maces & Flails
 + Level 0.1 Polearms
 + Level 0.1 Staves
 + Level 0.1 Slings
 + Level 0.1 Bows
 + Level 0.1 Crossbows
 + Level 2.4 Throwing
 + Level 2.4 Armour
 + Level 4.4 Dodging
 + Level 0.1 Stealth
 + Level 0.1 Shields
 + Level 0.1 Unarmed Combat
 + Level 4.9 Spellcasting
 + Level 0.1 Conjurations
 + Level 0.1 Hexes
 + Level 0.1 Summonings
 + Level 0.1 Necromancy
 + Level 5.3 Translocations
 + Level 0.1 Transmutations
 + Level 0.1 Fire Magic
 + Level 0.1 Ice Magic
 + Level 0.1 Air Magic
 + Level 0.1 Earth Magic
 + Level 0.1 Poison Magic
 + Level 0.2 Invocations
 + Level 0.1 Evocations


You had 9 spell levels left.
You didn't know any spells.
Your spell library contained the following spells:

 Spells                   Type           Power      Damage    Failure   Level
 Blink                    Tloc           N/A        N/A       4%          2
 Gell's Gravitas          Tloc           7%         N/A       9%          3
 Lesser Beckoning         Tloc           7%         N/A       9%          3
 Teleport Other           Tloc           15%        N/A       9%          3
 Manifold Assault         Tloc           15%        N/A       63%         5

Inventory:

Hand Weapons
 a - a +0 hand axe (weapon) {axe}
Missiles
 d - 5 boomerangs of dispersal (quivered) {=f!fthrowing}
 e - 25 stones {throwing}
Armour
 b - a +0 leather armour (worn)
Scrolls
 c - a scroll of blinking {!r}
 f - a scroll of amnesia {unknown}

Dungeon Overview and Level Annotations

Branches:
Dungeon (1/15)

Altars:

## #.# #.# ### .## #.#
#... .. ..### #.# ...##
.. ∆ ....###.# ....$.
#. .##..##.# .#
#..##.#### ####.##.# .#
#?..#J.$# # #....###.#
##..#..?# #
###......####...#..!#.#
# ###.#......@##.####.#
# #...###..g#.#.....# #
##..##..##g##....## #
#..#...#.#...#.## #
#....##.##.....#### .
##...#.#.g.!.#....# .
.....###..........# #
###.#......!.......#
#.##..#...?......#


You could see a gnoll and a goblin.


Message History

You add the spells Blink, Lesser Beckoning, Gell's Gravitas, Teleport Other and Manifold Assault to your library. 🤖 Initializing magus.rc ... ✅ Successfully initialized magus_sobieck.rc [v0.0.2] Welcome, Sobieck the Gnoll Warper.
It is said that the Orb of Zot exists deep within this dungeon.
Press ? for a list of commands and other information.
Found a staircase leading out of the dungeon.
A quokka comes into view.
Danger!
The quokka bites you but does no damage.
You slash the quokka!
You kill the quokka!
No target in view!
No target in view!
e - 25 stones {throwing}
Found a stone staircase leading down.
Unknown command.
A jackal and an endoplasm come into view.
The endoplasm quivers.
Danger!
You completely miss the jackal.
The jackal bites you but does no damage.
You hit the jackal.
You kill the jackal!
You hit the endoplasm but do no damage. The endoplasm freezes you.
You are frozen.
You completely miss the endoplasm. The endoplasm freezes you.
You are frozen.
You slash the endoplasm!
You kill the endoplasm!
No target in view!
No target in view!
f - a scroll labelled BOUR QOYXORUIR A bat comes into view.
Danger!
A bat is nearby!
The bat barely misses you. The bat hits you but does no damage.
The bat closely misses you.
You barely miss the bat. The bat hits you. The bat closely misses you.
The bat hits you but does no damage.
You completely miss the bat. The bat misses you.
A gnoll comes into view. It is wielding a +0 spear.
The gnoll shouts!
The bat hits you but does no damage.
You barely miss the bat. The bat barely misses you.
You hit the bat.
You kill the bat!
A goblin comes into view. It is wielding a +0 club.
The goblin shouts!
The gnoll hits you from afar with a +0 spear!
You are too injured to fight recklessly!
You are too injured to fight recklessly!
Unknown command.
You see here a jackal corpse.
Danger!
An endoplasm comes into view.
The gnoll barely misses you.
Danger!
The gnoll completely misses you.
You closely miss the gnoll. The gnoll hits you with a +0 spear.
* * * LOW HITPOINT WARNING * * *
Unknown command.
You hit the gnoll but do no damage. You bite the gnoll, but do no damage.
The gnoll hits you with a +0 spear!
* * * LOW HITPOINT WARNING * * *
You hit the gnoll. The gnoll closely misses you.
Unknown command.
You hit the gnoll. Your bite misses the gnoll.
The gnoll hits you with a +0 spear.
You die...

Action                   || total
-------------------------++-------
Melee: Hand axe          ||    14
       Bite              ||     1
Armor: Leather armour    ||     5
Dodge: Dodged            ||     8

Levels and vault maps discovered:
D:1:      dpeg_arrival_arbitrary_a, layout_rooms,
          shapermc_ecumenical_altar_acropolis, minmay_vboxes

Notes
Turn   | Place    | Note
-------+----------+-------------------------------------------
     0 | D:1      | Sobieck the Gnoll Warper began the quest for the Orb.
     0 | D:1      | Reached XP level 1. HP: 20/20 MP: 6/6
   144 | D:1      | HP: 1/20 [gnoll (8)]
   146 | D:1      | Slain by a gnoll

Vanquished Creatures
  An endoplasm (D:1)
  A jackal (D:1)
  A quokka (D:1)
  A bat (D:1)
4 creatures vanquished.

Table legend:
 A = Non-vault XP
 B = Vault XP
 C = Vault XP percentage of total XP
 D = Non-vault monster count
 E = Vault monster count
 F = Vault count percentage of total count
                 A         B        C        D         E       F
            +---------+---------+-------+---------+---------+-------
      Total |       3 |       4 |  57.1 |       2 |       2 |  50.0
            +---------+---------+-------+---------+---------+-------
        D:1 |       3 |       4 |  57.1 |       2 |       2 |  50.0
            +---------+---------+-------+---------+---------+-------

Illustrated notes

Table legend:
 A = Kills in this place as a percentage of kills in entire the game.
 B = Kills by you in this place as a percentage of kills by you in the entire game.
 C = Kills by friends in this place as a percentage of kills by friends in the entire game.
 D = Other kills in this place as a percentage of other kills in the entire game.
 E = Experience gained in this place as a percentage of experience gained in the entire game.
 F = Experience gained in this place divided by the number of levels of this place that you have seen.
                   A       B       C       D       E      F
               +-------+-------+-------+-------+-------+----------------------
         Total | 100.0 | 100.0 |   N/A |   N/A | 100.0 |   7.0
       Dungeon | 100.0 | 100.0 |   N/A |   N/A | 100.0 |   7.0
               +-------+-------+-------+-------+-------+----------------------

Table legend: (Time is in decaauts)
 A = Elapsed time spent in this place.
 B = Non-inter-level travel time spent in this place.
 C = Inter-level travel time spent in this place.
 D = Time resting spent in this place.
 E = Time spent auto-exploring this place.
 F = Levels seen in this place.
 G = Mean time per level.
                   A        B        C        D        E       F      G
               +--------+--------+--------+--------+--------+-----+--------+
         Total |    147 |    147 |      0 |      0 |    108 |   1 |  147.0 |
       Dungeon |    147 |    147 |      0 |      0 |    108 |   1 |  147.0 |
               +--------+--------+--------+--------+--------+-----+--------+

Top non-repeatable levels by time:
     D:1: 147 daAuts
